 Dungeon Crawl Stone Soup version 0.23-a0-639-ga9a3373 (webtiles) character file.

1068 Lanoc the Spear-Bearer (level 8, -1/93 HPs)
             Began as a Merfolk Berserker on Dec 29, 2018.
             Was an Elder of Trog.
             Succumbed to a gnoll sergeant's poison
             ... on level 6 of the Dungeon.
             The game lasted 00:09:24 (3959 turns).

Lanoc the Spear-Bearer (Merfolk Berserker)          Turns: 3959, Time: 00:09:25

Health: -1/93      AC:  5    Str: 25    XL:     8   Next: 28%
Magic:  8/8        EV: 15    Int:  6    God:    Trog [****..]
Gold:   204        SH:  0    Dex: 13    Spells: 7/7 levels left

rFire    + . .     SeeInvis .   a - +1 spear
rCold    . . .     Gourm    .   (no shield)
rNeg     . . .     Faith    .   s - +0 ring mail {rF+}
rPois    .         Spirit   .   (no helmet)
rElec    .         Reflect  .   (no cloak)
rCorr    .         Harm     .   (no gloves)
MR       .....                  (no boots)
Stlth    ..........             (no amulet)
HPRegen  0.25/turn              (no ring)
MPRegen  0.11/turn              (no ring)

@: berserking (expiring), lethally poisoned (-1 -> -53), very quick
A: change form in water, swift swim, stealthy swim
a: Berserk, Trog's Hand, Brothers in Arms, Renounce Religion


You were on level 6 of the Dungeon.
You worshipped Trog.
Trog was greatly pleased with you.
You were hungry.

You visited 1 branch of the dungeon, and saw 6 of its levels.

You collected 204 gold pieces.

Inventory:

Hand Weapons
 a - a +1 spear (weapon)
Armour
 s - a +0 ring mail of fire resistance (worn)
Wands
 l - a wand of flame (7)
 q - a wand of polymorph (7)
 r - a wand of clouds (5)
 t - a wand of random effects (21)
Scrolls
 e - 2 scrolls of identify
 h - 3 scrolls of remove curse
 i - a scroll of magic mapping
 j - a scroll of teleportation
 k - 2 scrolls of enchant weapon
Potions
 b - a potion of resistance
 d - a potion of heal wounds
 f - a potion of mutation
 g - 2 potions of lignification {unknown}
 m - a potion of invisibility
 n - a potion of brilliance
 v - a potion of haste
Comestibles
 c - 10 rations
 o - 2 chunks of flesh


   Skills:
 + Level 5.1 Fighting
 * Level 8.4 Polearms
 + Level 3.2 Throwing
 + Level 2.9 Armour
 * Level 7.1 Dodging


You had 7 spell levels left.
You didn't know any spells.
Your spell library was empty.

Dungeon Overview and Level Annotations

Branches:
Dungeon (6/15)
 Temple: D:4-7

Altars:
Dithmenos
Fedhas
Qazlal
Ru
Sif Muna
Uskayaw
Wu Jian
Xom
Yredelemnul

Shops:
D:6 ?


Message History

* * * LOW HITPOINT WARNING * * *
You are more poisoned.
Attack whom?
Press: ? - help, Dir - move target cursor, f - gnoll sergeant
Aim: a gnoll sergeant, wielding a +4 spear of venom, wearing a +0 ring mail and You reach to attack!
You puncture the gnoll sergeant!
The gnoll sergeant is severely wounded.
* * * LOW HITPOINT WARNING * * *
You feel sick. The gnoll closely misses you.
Attack whom?
Press: ? - help, Dir - move target cursor, f/p - gnoll sergeant
Aim: a gnoll sergeant, wielding a +4 spear of venom, wearing a +0 ring mail and You reach to attack!
The gnoll sergeant blocks your attack.
The gnoll sergeant is severely wounded.
* * * LOW HITPOINT WARNING * * *
You feel sick.
The gnoll sergeant hits you from afar with a +4 spear of venom.
* * * LOW HITPOINT WARNING * * *
You closely miss the quokka.
You die...

...#.............
...#.(.........<......#
...#..................#
.<....................#
.............#...?....#
.............##.O.....#
##..#####..####g..g...#
...## #..## #.r.....#
.### #...# #.@...%.# .
##..###.......#
##.รท.........#
#..#..(.....#
##.#.###..### #.#.#
.... #...# %.... .....
..).. ###.. ..$


You could see an ogre, a gnoll sergeant, a gnoll and a quokka.

Vanquished Creatures
  Prince Ribbit (D:6)
  A water moccasin (D:6)
  A phantom (D:6)
  A bullfrog (D:6)
  2 howler monkeys (D:4)
  A crimson imp (D:5)
  A jelly (D:5)
  An iguana (D:5)
  4 orc wizards
  3 worker ants
  A hound zombie (D:3)
  Robin (D:2)
  2 howler monkey zombies
  5 adders
  4 gnolls
  A howler monkey skeleton (D:3)
  A shadow imp (D:5)
  An ooze (D:1)
  2 adder skeletons (D:3)
  2 adder zombies (D:6)
  3 worms
  2 dart slugs
  5 leopard geckos
  12 orcs
  2 ball pythons
  4 giant cockroaches
  8 goblins
  11 hobgoblins
  5 jackals (D:2)
  3 kobolds
  A quokka (D:3)
  8 bats
  7 frilled lizards
  2 jackal skeletons
  5 rats
114 creatures vanquished.

Notes
Turn   | Place    | Note
-------+----------+-------------------------------------------
     0 | D:1      | Lanoc the Merfolk Berserker began the quest for the Orb.
     0 | D:1      | Reached XP level 1. HP: 18/18 MP: 1/1
    99 | D:1      | Reached XP level 2. HP: 21/24 MP: 2/2
   229 | D:1      | Reached XP level 3. HP: 22/29 MP: 3/3
   231 | D:1      | Reached skill level 5 in Polearms
   496 | D:2      | Reached ** piety under Trog
   632 | D:2      | Reached XP level 4. HP: 26/37 MP: 4/4
   750 | D:2      | Reached skill level 1 in Throwing
   847 | D:2      | Found a sacrificial altar of Ru.
  1072 | D:2      | Noticed Robin
  1087 | D:2      | Killed Robin
  1087 | D:2      | Reached XP level 5. HP: 42/42 MP: 5/5
  1534 | D:3      | Reached skill level 6 in Polearms
  1553 | D:3      | Reached *** piety under Trog
  2353 | D:4      | Reached XP level 6. HP: 24/48 MP: 6/6
  2375 | D:4      | Reached skill level 5 in Dodging
  2623 | D:4      | Reached skill level 7 in Polearms
  2907 | D:5      | Entered Level 5 of the Dungeon
  2956 | D:5      | Reached XP level 7. HP: 55/55 MP: 7/7
  3528 | D:5      | Found a stormy altar of Qazlal.
  3529 | D:5      | Found a shimmering altar of Xom.
  3529 | D:5      | Found a blossoming altar of Fedhas.
  3529 | D:5      | Found a deep blue altar of Sif Muna.
  3531 | D:5      | Found a shadowy altar of Dithmenos.
  3532 | D:5      | Found a hide-covered altar of Uskayaw.
  3532 | D:5      | Found a basalt altar of Yredelemnul.
  3532 | D:5      | Found an ornate altar of the Wu Jian Council.
  3731 | D:6      | Found Hegaac's Magic Scroll Shoppe.
  3731 | D:6      | Noticed Prince Ribbit
  3740 | D:6      | Killed Prince Ribbit
  3740 | D:6      | Reached **** piety under Trog
  3749 | D:6      | Reached skill level 8 in Polearms
  3749 | D:6      | Reached XP level 8. HP: 55/61 MP: 8/8
  3754 | D:6      | Reached skill level 5 in Fighting
  3958 | D:6      | HP: 4/93 [poisoned by a gnoll sergeant]
  3959 | D:6      | Succumbed to a gnoll sergeant's poison

Vault maps used:
D:1:      dpeg_arrival_simpleton_b, grunt_decor_one_mirror, minmay_tetromino_s2
D:2:      lemuel_upstairs_altar, nicolae_ru_great_annihilating_truth, uniq_robin
D:3:      serial_undead, serial_undead_b, serial_undead_e, serial_undead_d,
          serial_undead_e, serial_undead_a, serial_undead_a, serial_undead_b
D:4:      first_ration
D:5:      grunt_temple_overflow_open
D:6:      minmay_temple_entry_enclosed_plants, serial_shops, shop,
          uniq_prince_ribbit1

Skill      XL: |  1  2  3  4  5  6  7  8 |
---------------+-------------------------+-----
Dodging        | 3 4 5 6 7 |  7.1
Polearms       | 5 6 7 8 |  8.4
Throwing       | 1 2 3 |  3.2
Fighting       | 4 5 |  5.1
Armour         | 2 |  2.9

Action                   |  1- 3 |  4- 6 |  7- 9 || total
-------------------------+-------+-------+-------++-------
Melee: Spear             |   113 |   267 |   178 ||   558
Invok: Berserk           |     4 |     3 |     2 ||     9
  Use: Potion            |       |     1 |       ||     1
       Scroll            |       |       |    11 ||    11
 Stab: Sleeping          |     1 |     2 |       ||     3
       Paralysed         |       |     2 |       ||     2
  Eat: Chunk             |     3 |    11 |     4 ||    18
Armor: Animal skin       |     9 |    16 |       ||    25
       Ring mail         |       |     7 |    35 ||    42
Dodge: Dodged            |    61 |   109 |    87 ||   257

Table legend:
 A = Non-vault XP
 B = Vault XP
 C = Vault XP percentage of total XP
 D = Non-vault monster count
 E = Vault monster count
 F = Vault count percentage of total count
                 A         B        C        D         E       F
            +---------+---------+-------+---------+---------+-------
      Total |    1151 |     375 |  24.6 |      96 |      18 |  15.8
            +---------+---------+-------+---------+---------+-------
        D:1 |      47 |       4 |   7.8 |      17 |       2 |  10.5
        D:2 |      65 |      68 |  51.1 |      24 |      11 |  31.4
        D:3 |      56 |      44 |  44.0 |      15 |       4 |  21.1
        D:4 |     329 |       0 |   0.0 |      15 |       0 |   0.0
        D:5 |     216 |       0 |   0.0 |      13 |       0 |   0.0
        D:6 |     438 |     259 |  37.2 |      12 |       1 |   7.7
            +---------+---------+-------+---------+---------+-------
